 Dungeon Crawl Stone Soup version 0.28.0-43-g3370ac3207 (webtiles) character file.

Game seed: 9349045352739828739

1158 zeratav the Insei (level 8, -2/52 HPs)
             Began as an Octopode Transmuter on Apr 2, 2022.
             Was an Initiate of Ashenzari.
             Slain by a hound (4 damage)
             ... on level 8 of the Dungeon.
             The game lasted 00:15:31 (7666 turns).

zeratav the Insei (Octopode Transmuter)             Turns: 7666, Time: 00:15:31

Health: -2/52      AC:  1    Str:  9    XL:     8   Next: 39%
Magic:  13/13      EV: 13    Int: 18    God:    Ashenzari [......]
Gold:   268        SH:  0    Dex: 12    Spells: 10/14 levels left

rFire   . . .      SeeInvis .   i - +0 hunting sling
rCold   + . .      Faith    .   (no shield)
rNeg    . . .      Spirit   .   (helmet restricted)
rPois   .          Reflect  .   (no amulet)
rElec   .          Harm     .   j - ring of protection from cold
rCorr   .          Rampage  .   (no ring)
Will    .....                   (no ring)
Stlth   ++........              (no ring)
HPRegen 0.17/turn               (no ring)
MPRegen 0.13/turn               (no ring)
                                (no ring)
                                (no ring)

@: about to teleport, spiked
A: almost no armour, amphibious, 8 rings, camouflage 1, gelatinous body 1,
(nimble swimmer 1), tentacles
a: Renounce Religion


You were on level 8 of the Dungeon.
You worshipped Ashenzari.
Ashenzari was noncommittal.
You visited 2 branches of the dungeon, and saw 8 of its levels.

You collected 268 gold pieces.

Inventory:

Hand Weapons
 i - a +0 hunting sling (weapon)
Missiles
 k - 16 sling bullets (quivered ammo)
 p - 12 boomerangs of dispersal
Jewellery
 j - a ring of protection from cold (left tentacle)
Scrolls
 c - 2 scrolls of magic mapping
 h - a scroll of enchant armour {unknown}
 l - a scroll of immolation {unknown}
 m - a scroll of amnesia {unknown}
 q - a scroll of fog {unknown}
Potions
 a - a potion of brilliance
 b - a potion of cancellation
 d - a potion of mutation {unknown}
 e - a potion of degeneration {unknown}
 f - a potion of lignification {unknown}
 g - a potion of attraction {unknown}
 o - 2 potions of heal wounds {unknown}


   Skills:
 * Level 3.5 Fighting
 + Level 3.0 Dodging
 * Level 6.2 Unarmed Combat
 + Level 3.5 Spellcasting
 * Level 4.9 Transmutations
 * Level 4.1 Poison Magic


You had 10 spell levels left.
You knew the following spells:

 Your Spells              Type           Power      Damage    Failure   Level
a - Beastly Appendage     Tmut           40%        N/A       1%          1
b - Spider Form           Tmut/Pois      19%        N/A       7%          3

Your spell library contained the following spells:

 Spells                   Type           Power      Damage    Failure   Level
 Wereblood                Tmut           20%        N/A       3%          2
 Freeze                   Ice            12%        1d4       16%         1
 Frozen Ramparts          Ice            6%         1d2       43%         3
 Inner Flame              Hex/Fire       3%         N/A       43%         3
 Ice Form                 Ice/Tmut       12%        N/A       50%         4
 Cause Fear               Hex            1%         N/A       83%         4
 Hailstorm                Conj/Ice       3%         3d3       83%         4
 Discord                  Hex            1%         N/A       100%        8


Dungeon Overview and Level Annotations

Branches:
Dungeon (6/15)             Temple (1/1) D:6

Altars:
Ashenzari
Cheibriados
Fedhas
Okawaru
Qazlal
Trog
Wu Jian
Xom


Innate Abilities, Weirdness & Mutations

You cannot wear most types of armour.
You are amphibious.
You can wear up to eight rings at the same time.
Your skin changes colour to match your surroundings (Stealth+).
Your rubbery body absorbs attacks. (AC +1, EV +1)
((You are camouflaged when in or above water. (Stealth+)))
You have tentacles for arms and can constrict up to eight enemies at once.


Message History

Barbed spikes become lodged in your body.
The hound closely misses you. The orc priest closely misses you.
The kobold demonologist gestures wildly while chanting.
You hit the kobold demonologist.
The kobold demonologist looks even sicker.
The kobold demonologist is moderately wounded.
The hound misses you. The red devil closely misses you.
The orc priest invokes the aid of Beogh against you.
Pain shoots through your body!
You closely miss the kobold demonologist.
The kobold demonologist is moderately wounded.
The hound barely misses you.
The kobold demonologist gestures wildly while chanting.
The red devil closely misses you. The orc priest misses you.
As you read the scroll of teleportation, it crumbles to dust.
You feel strangely unstable. The hound misses you.
The kobold demonologist barely misses you.
The red devil hits you from afar with a +0 trident!
* * * LOW HITPOINT WARNING * * *
Barbed spikes become lodged in your body.
The orc priest invokes the aid of Beogh against you.
Beogh smites you!
* * * LOW HITPOINT WARNING * * *
You hit the kobold demonologist.
The kobold demonologist looks as sick as possible!
The kobold demonologist is moderately wounded.
The kobold demonologist closely misses you.
The red devil misses you.
You hit the kobold demonologist but do no damage.
The kobold demonologist looks as sick as possible!
The kobold demonologist is heavily wounded.
Your transformation has ended.
Your +0 hunting sling unmelds from your body.
The hound bites you.
* * * LOW HITPOINT WARNING * * *
The orc priest barely misses you. The soul eater misses you.
The kobold demonologist hits you with a +0 dagger.
* * * LOW HITPOINT WARNING * * *
The hound bites you.
You die...

#.....# #.###.#####
#.....# #.# #.#...
#.....###.###.#.######
#...........>.........
#....o###.##....######
#...oo# #.##...h#
#####o# #.##....# #.#
#.##....#
###@###......(..
#.h3K...##......
#.44....##....##
#.........#....
#.......#.#....
#.........#.# .
#$......###.#
#.......)...#
#....#######..K.K.


You could see a soul eater (summoned), a rust devil (summoned), a kobold
demonologist (extremely poisoned), a red devil (summoned), an orc warrior, a
hound, an orc priest, an orc wizard and an orc.

Vanquished Creatures
  Prince Ribbit (D:5)
  Sigmund (D:4)
  An ice beast (D:5)
  A black bear (D:6)
  A bullfrog (D:8)
  A scorpion (D:4)
  A bullfrog zombie (D:5)
  A centaur zombie (D:5)
  2 hounds
  A centaur skeleton (D:3)
  2 jellies
  Natasha (thrice) (D:2)
  A scorpion zombie (D:5)
  4 gnolls
  6 adders
  An ufetubus (D:5)
  An adder skeleton (D:4)
  3 worms
  3 dart slugs (D:1)
  An orc (D:5)
  4 ball pythons
  6 endoplasms
  2 giant cockroaches (D:2)
  12 goblins
  3 hobgoblins
  10 kobolds
  3 quokkas
  3 bats
  4 frilled lizards
  4 rats (D:1)
87 creatures vanquished.

Vanquished Creatures (others)
  A fungus (D:6)
1 creature vanquished.

Grand Total: 88 creatures vanquished

Notes
Turn   | Place    | Note
-------+----------+-------------------------------------------
     0 | D:1      | zeratav the Octopode Transmuter began the quest for the
                  | Orb.
     0 | D:1      | Reached XP level 1. HP: 13/13 MP: 3/3
   188 | D:1      | Reached XP level 2. HP: 17/18 MP: 3/5
   844 | D:1      | Reached XP level 3. HP: 18/23 MP: 4/6
  1573 | D:2      | Noticed Natasha
  1580 | D:2      | Killed Natasha
  1581 | D:2      | Reached skill level 1 in Poison Magic
  1581 | D:2      | Reached XP level 4. HP: 28/28 MP: 5/7
  1625 | D:2      | Noticed Natasha
  1629 | D:2      | Killed Natasha
  1842 | D:2      | Reached XP level 5. HP: 32/34 MP: 6/8
  1873 | D:2      | Found a shimmering altar of Xom.
  2000 | D:2      | Noticed Natasha
  2005 | D:2      | Killed Natasha
  2268 | D:3      | Learned a level 3 spell: Spider Form
  2629 | D:3      | Reached skill level 4 in Unarmed Combat
  3331 | D:3      | Found a faded altar of an unknown god.
  3345 | D:3      | Reached XP level 6. HP: 14/39 MP: 10/10
  4762 | D:4      | Noticed Sigmund
  5537 | D:4      | Killed Sigmund
  5538 | D:4      | Reached skill level 5 in Unarmed Combat
  5538 | D:4      | Reached XP level 7. HP: 37/45 MP: 8/11
  5597 | D:5      | Entered Level 5 of the Dungeon
  6014 | D:5      | Noticed Prince Ribbit
  6021 | D:5      | Killed Prince Ribbit
  6325 | D:5      | Reached XP level 8. HP: 25/52 MP: 10/13
  6597 | D:5      | Found a blossoming altar of Fedhas.
  7127 | D:6      | Reached skill level 6 in Unarmed Combat
  7407 | D:6      | Found a staircase to the Ecumenical Temple.
  7415 | Temple   | Entered the Ecumenical Temple
  7451 | Temple   | Became a worshipper of Ashenzari the Shackled
  7504 | D:6      | Found a stormy altar of Qazlal.
  7553 | D:6      | Found an iron altar of Okawaru.
  7578 | D:6      | You fall into a shaft and drop 2 floors!
  7629 | D:8      | Noticed a kobold demonologist
  7641 | D:8      | Noticed a kobold demonologist
  7659 | D:8      | Noticed a red devil
  7662 | D:8      | Noticed a soul eater
  7664 | D:8      | Noticed a rust devil
  7666 | D:8      | HP: 2/52 [kobold demonologist/+0 dagger (1)]
  7666 | D:8      | Slain by a hound

Illustrated notes

Levels and vault maps discovered:
D:1:      dpeg_arrival_three_smaller_balls, layout_basic,
          nicolae_figureground_pulse
D:2:      layout_rooms, basic_altar, st_stairs_12, uniq_natasha
D:3:      layout_loops_corners, chequers_ecumenical_altar_simple,
          supply_closet_lemuel
D:4:      kennysheep_the_goblin_king, layout_loops_corners, uniq_sigmund
D:5:      layout_loops_ring, fedhas_ov_isle_minmay, kennysheep_pointless_box,
          uniq_prince_ribbit1
D:6:      lemuel_castle_with_subvaults [lemuel_castle_interior_original],
          layout_loops_corners, nicolae_qazlal_scattered_showers,
          lemuel_tele_altar, minmay_temple_entry_slanted,
          minmay_unpleasant_kobolds
D:8:      layout_basic, erik_lair_island, gammafunk_ghost_smash
Temple:   jpeg_temple_alley_garden

Skill      XL: |  1  2  3  4  5  6  7  8 |
---------------+-------------------------+-----
Poison Magic   | 1 2 3 4 |  4.1
Transmutations | 3 4 |  4.9
Fighting       | 2 3 |  3.5
Unarmed Combat | 4 5 6 |  6.2
Spellcasting   | 3 |  3.5
Dodging        | 3 |  3.0

Action                   |  1- 3 |  4- 6 |  7- 9 || total
-------------------------+-------+-------+-------++-------
Melee: Unarmed           |    46 |    79 |   106 ||   231
       Constrict         |    15 |    12 |       ||    27
       Tentacles         |     7 |    15 |       ||    22
       Kick              |     9 |    13 |       ||    22
       Punch             |       |     2 |       ||     2
       Flail             |       |    21 |       ||    21
       Hunting sling     |       |     1 |       ||     1
 Fire: Hunting sling     |       |    10 |     4 ||    14
 Cast: Beastly Appendage |    18 |    11 |       ||    29
       Spider Form       |       |    13 |    15 ||    28
  Use: Scroll            |       |     6 |     1 ||     7
 Stab: Sleeping          |     6 |     4 |     1 ||    11
Armor: Skin              |     2 |     6 |     4 ||    12
Dodge: Dodged            |    14 |    65 |   104 ||   183
